 Dungeon Crawl Stone Soup version 0.23.2-33-g5129a83184 (webtiles) character file.

Game seed: 9375749533158200463

3025 Acheron the Vandal (level 10, -10/63 HPs)
             Began as a Halfling Skald on July 24, 2019.
             Was a Priest of Okawaru.
             Killed from afar by Erica (26 damage)
             ... with an orb of energy
             ... on level 8 of the Dungeon on July 25, 2019.
             The game lasted 01:12:14 (7817 turns).

Acheron the Vandal (Halfling Skald)                 Turns: 7817, Time: 01:12:15

Health: -10/63     AC: 11    Str: 13    XL:     10   Next: 10%
Magic:  14/14      EV: 15    Int: 13    God:    Okawaru [***...]
Gold:   181        SH:  0    Dex: 17    Spells: 8/15 levels left

rFire    + . .     SeeInvis .   z - +2 dagger (elec)
rCold    . . .     Gourm    .   (shield restricted)
rNeg     + . .     Faith    .   r - +0 ring mail
rPois    .         Spirit   .   m - +0 helmet
rElec    .         Reflect  .   q - +0 cloak
rCorr    .         Harm     .   v - +2 pair of gloves
MR       +....                  (no boots)
Stlth    ++........             G - amulet of the acrobat
HPRegen  0.20/turn              c - ring of positive energy
MPRegen  0.14/turn              J - ring of the Death Scarab {rF+ MR+ Int+2}

@: lethally poisoned (-10 -> -19), about to teleport
A: small, mutation resistance 1
a: Heroism, Renounce Religion


You were on level 8 of the Dungeon.
You worshipped Okawaru.
Okawaru was most pleased with you.
You were not hungry.

You visited 2 branches of the dungeon, and saw 9 of its levels.
You also visited: Ossuary.

You collected 617 gold pieces.
You spent 436 gold pieces at shops.

Inventory:

Hand Weapons
 a - a +0 hand axe
 s - a +4 dagger of chaos
 x - a +0 hunting sling
 z - a +2 dagger of electrocution (weapon)
 C - a +0 short sword
 D - a +3 dagger
 M - a +1 dagger of venom
 O - a +2 dagger of flaming
 P - a +0 fustibalus
 R - a +1 flail of venom
Missiles
 f - 98 stones (quivered)
 i - 37 poisoned needles
 p - 15 sling bullets
 F - 5 curare-tipped needles
Armour
 m - a +0 helmet (worn)
 q - a +0 cloak (worn)
 r - a +0 ring mail (worn)
 v - a +2 pair of gloves (worn)
 I - a +0 scale mail
Jewellery
 b - an uncursed ring of see invisible
 c - a ring of positive energy (left hand)
 G - an amulet of the acrobat (around neck)
 H - an uncursed amulet of the gourmand
 J - the ring of the Death Scarab (right hand) {rF+ MR+ Int+2}
   (You bought it in a shop on level 4 of the Dungeon)

   [ring of intelligence]

   It affects your intelligence (+2).
   It protects you from fire.
   It affects your resistance to hostile enchantments.
Wands
 u - a wand of polymorph (10)
Scrolls
 g - 2 scrolls of remove curse
 h - a scroll of fog
 t - 2 scrolls of amnesia
 y - 2 scrolls of identify
 B - a scroll of magic mapping
Potions
 e - 4 potions of curing
 j - 3 potions of ambrosia
 k - 2 potions of berserk rage
 l - a potion of might {unknown}
 n - a potion of invisibility {unknown}
 o - 2 potions of lignification
 w - a potion of resistance {unknown}
 A - 2 potions of agility
 E - a potion of mutation {unknown}
 K - a potion of degeneration {unknown}
 L - a potion of magic {unknown}
Comestibles
 d - 5 rations
 Q - 11 chunks of flesh


   Skills:
 * Level 3.7 Fighting
 * Level 4.7 Short Blades
 * Level 4.9 Axes
 * Level 7.2 Slings
 * Level 3.9 Armour
 * Level 4.4 Dodging
 * Level 4.0 Stealth
 * Level 3.1 Spellcasting
 * Level 2.2 Hexes
 * Level 4.9 Charms
 * Level 2.9 Translocations
 * Level 2.9 Invocations
 * Level 2.8 Evocations


You had 8 spell levels left.
You knew the following spells:

 Your Spells              Type           Power        Failure   Level  Hunger
a - Infusion              Chrm           ##..         6%          1    #......
b - Shroud of Golubria    Chrm/Tloc      ##........   14%         2    ##.....
c - Spectral Weapon       Hex/Chrm       ##......     32%         3    ###....
d - Apportation           Tloc           #.....       14%         1    #......

Your spell library contained the following spells:

 Spells                   Type           Power        Failure   Level  Hunger
 Song of Slaying          Chrm           ##......     10%         2    ##.....
 Confusing Touch          Hex            #.....       19%         1    #......
 Animate Skeleton         Necr           N/A          43%         1    #......
 Summon Small Mammal      Summ           #...         43%         1    #......
 Regeneration             Chrm/Necr      #.........   45%         3    ###....


Dungeon Overview and Level Annotations

Branches:
Dungeon (8/15)             Temple (1/1) D:5
   Lair: D:8-11

Altars:
Ashenzari
Cheibriados
Dithmenos
Elyvilon
Fedhas
Gozag
Hepliaklqana
Kikubaaqudgha
Makhleb
Nemelex Xobeh
Okawaru
Qazlal
Ru
Sif Muna
Trog
Uskayaw
Vehumet
Wu Jian
Xom
Yredelemnul
Zin
The Shining One

Shops:
D:4 =   D:6 %

Annotations:
D:4 exclusion: downstairs
D:5 zuik's ghost, novice MiBe
D:8 2 transporters, Erica


Innate Abilities, Weirdness & Mutations

You are small and have problems with some larger weapons.
You are somewhat resistant to further mutation.


Message History

Your base Stealth skill increases to level 4!
Items here: ( )) † a +0 trident; a +0 shortbow; 20 arrows; a centaur corpse You butcher the centaur corpse.
You feel like a meek peon again.
Q - 11 chunks of flesh (gained 5)
Items here: ( )) ÷ a +0 trident; a +0 shortbow; 20 arrows; a centaur skeleton
Things that are here:
a cursed -3 giant club; an ogre skeleton Erica shouts!
Erica gestures at you while chanting. The bolt of poison hits you!!
You are poisoned.
* * * LOW HITPOINT WARNING * * *
As you read the scroll of teleportation, it crumbles to dust.
You feel strangely unstable.
You feel sick. Erica gestures at you while chanting.
The orb of energy hits you!!
You die...

#..... ....##### .........
.......# # ....... ......#
.## ......#####.....#...#
........##.....#...# #......
#.....'...# #.(... #.....# ..
#..(.####...).##...
#...(#.@...).....#
.#....(...(.......#
.........).(........#
........(((.........#
.....@.((.##)÷........
###.......##...........
...........######............
..............#
#...............#
..............#
#...............#


You could see Erica.

Vanquished Creatures
  A two-headed ogre (D:8)
  Pikel (D:6)
  Psyche (D:8)
  Prince Ribbit (D:6)
  An orc warrior (D:6)
  3 slaves (D:6)
  2 ogres
  A centaur (D:8)
  6 killer bees (D:8)
  A howler monkey (D:4)
  A jelly (D:8)
  2 crimson imps
  2 hounds
  A centaur skeleton (D:8)
  3 orc wizards
  2 iguanas
  Natasha (thrice) (D:4 D:5)
  A worker ant (D:6)
  3 big kobold zombies (Ossuary)
  A hound skeleton (D:4)
  2 mummies (Ossuary)
  10 gnolls
  A howler monkey skeleton (D:4)
  12 adders
  2 shadow imps (D:8)
  An ooze (D:5)
  3 worms
  2 leopard geckos
  16 orcs
  8 giant cockroaches
  3 gnoll zombies (Ossuary)
  3 goblins
  5 hobgoblins
  7 jackals
  5 kobolds
  A quokka (D:3)
  A ball python (D:5)
  5 bats
  4 frilled lizards
  4 goblin zombies
  4 hobgoblin zombies (Ossuary)
  2 orc zombies (Ossuary)
  3 rats
141 creatures vanquished.

Notes
Turn   | Place    | Note
-------+----------+-------------------------------------------
     0 | D:1      | Acheron the Halfling Skald began the quest for the Orb.
     0 | D:1      | Reached XP level 1. HP: 14/14 MP: 3/3
   286 | D:1      | Reached XP level 2. HP: 19/19 MP: 4/4
  1007 | D:2      | Reached XP level 3. HP: 13/24 MP: 5/5
  1580 | D:2      | Reached skill level 1 in Stealth
  1862 | D:2      | Learned a level 2 spell: Shroud of Golubria
  1918 | D:2      | Reached XP level 4. HP: 22/29 MP: 6/6
  2602 | D:4      | Learned a level 3 spell: Spectral Weapon
  2695 | D:4      | Noticed Natasha
  2700 | D:4      | Killed Natasha
  2700 | D:4      | Reached skill level 1 in Slings
  2700 | D:4      | Reached XP level 5. HP: 27/34 MP: 7/7
  2759 | D:4      | Found a sand-covered staircase.
  2780 | Ossuary  | Entered an ossuary
  2805 | Ossuary  | Reached skill level 2 in Slings
  3176 | Ossuary  | Reached XP level 6. HP: 22/40 MP: 9/9
  3545 | D:4      | Noticed Eustachio
  3576 | D:4      | Noticed Natasha
  3591 | D:5      | Entered Level 5 of the Dungeon
  3591 | D:5      | Found a runed translucent door.
  3598 | D:5      | Killed Natasha
  3610 | D:5      | Noticed zuik's ghost (novice MiBe)
  3940 | D:4      | Reached skill level 1 in Translocations
  4378 | D:4      | Found Seemeac's Jewellery Boutique.
  4394 | D:4      | Bought a cursed ring of attention for 58 gold pieces
  4399 | D:4      | Bought the ring of the Death Scarab {rF+ MR+ Int+2} for 352
                  | gold pieces
  4399 | D:4      | Bought a cursed -5 ring of intelligence for 26 gold pieces
  4564 | D:4      | Reached XP level 7. HP: 45/45 MP: 10/10
  5075 | D:4      | Noticed Eustachio
  5075 | D:4      | Eustachio changed into Eustachio the howler monkey
  5100 | D:4      | Killed Eustachio the howler monkey
  5100 | D:4      | Reached skill level 3 in Slings
  5568 | D:5      | Found a staircase to the Ecumenical Temple.
  5575 | Temple   | Entered the Ecumenical Temple
  5601 | Temple   | Became a worshipper of Warmaster Okawaru
  5823 | D:5      | Found a sparkling altar of Nemelex Xobeh.
  6242 | D:5      | Noticed Natasha
  6253 | D:5      | Killed Natasha
  6581 | D:6      | Reached skill level 1 in Evocations
  6582 | D:6      | Found Guimegoh's Food Shop.
  6683 | D:6      | Noticed Prince Ribbit
  6697 | D:6      | Learned a level 1 spell: Apportation
  6707 | D:6      | Reached skill level 1 in Invocations
  6891 | D:6      | Reached skill level 4 in Slings
  6916 | D:6      | Killed Prince Ribbit
  6916 | D:6      | Reached * piety under Okawaru
  6916 | D:6      | Reached skill level 1 in Short Blades
  6916 | D:6      | Reached skill level 1 in Hexes
  6916 | D:6      | Reached XP level 8. HP: 46/51 MP: 6/11
  6967 | D:6      | Found a sacrificial altar of Ru.
  6998 | D:6      | Noticed Pikel
  7129 | D:6      | Killed Pikel
  7129 | D:6      | Reached ** piety under Okawaru
  7129 | D:6      | Reached skill level 5 in Slings
  7153 | D:6      | Reached skill level 6 in Slings
  7262 | D:6      | Reached XP level 9. HP: 56/56 MP: 9/12
  7419 | D:8      | Found a transporter.
  7419 | D:8      | Found a transporter.
  7419 | D:8      | Noticed a fire giant
  7425 | D:8      | Noticed a fire dragon
  7459 | D:8      | Noticed Erica
  7468 | D:8      | Noticed a two-headed ogre
  7585 | D:8      | Noticed Psyche
  7600 | D:8      | Killed Psyche
  7743 | D:8      | Reached *** piety under Okawaru
  7801 | D:8      | Killed a two-headed ogre
  7801 | D:8      | Reached skill level 7 in Slings
  7801 | D:8      | Reached XP level 10. HP: 47/63 MP: 12/14
  7817 | D:8      | Killed from afar by Erica

Skill      XL: |  1  2  3  4  5  6  7  8  9 10 |
---------------+-------------------------------+-----
Fighting       | 2 3 |  3.7
Stealth        | 1 2 3 4 |  4.0
Axes           | 3 4 |  4.9
Slings         | 1 2 4 6 7 |  7.2
Armour         | 2 3 |  3.9
Spellcasting   | 2 3 |  3.1
Dodging        | 3 4 |  4.4
Translocations | 1 2 |  2.9
Evocations     | 1 2 |  2.8
Invocations    | 1 2 |  2.9
Short Blades   | 1 2 4 |  4.7
Hexes          | 1 2 |  2.2
Charms         | 4 |  4.9

Action                   |  1- 3 |  4- 6 |  7- 9 | 10-12 || total
-------------------------+-------+-------+-------+-------++-------
Melee: Hand axe          |   134 |   311 |       |       ||   445
       Dagger            |       |       |   172 |     3 ||   175
       Punch             |       |       |     2 |       ||     2
 Fire: Hunting sling     |       |    59 |   176 |       ||   235
       Fustibalus        |       |       |    23 |       ||    23
 Cast: Apportation       |       |       |    10 |       ||    10
Invok: Heroism           |       |       |     9 |       ||     9
Evoke: Wand              |       |       |     2 |       ||     2
  Use: Scroll            |     9 |     1 |     9 |     1 ||    20
       Potion            |       |       |     4 |       ||     4
  Eat: Chunk             |     3 |     6 |     7 |       ||    16
       Ration            |       |     1 |     1 |       ||     2
Armor: Leather armour    |    17 |       |       |       ||    17
       Ring mail         |    35 |   116 |    64 |     2 ||   217
Dodge: Dodged            |   110 |   254 |   235 |     4 ||   603
